 Dungeon Crawl Stone Soup version 0.31.0-12-g77e489cdc1 (webtiles) character file.

Game seed: 14348402391652496602

24 bazingina the Conjurer (level 3, 0/22 HPs)
             Began as an Octopode Conjurer on Feb 12, 2024.
             Frozen to death by an endoplasm (5 damage)
             ... on level 2 of the Dungeon.
             The game lasted 00:02:14 (947 turns).

bazingina the Conjurer (Octopode Conjurer)           Turns: 947, Time: 00:02:14

Health: 0/22       AC:  1    Str:  8    XL:     3   Next: 2%
Magic:  6/6        EV: 13    Int: 20    God:
Gold:   44         SH:  0    Dex: 10    Spells: 5/6 levels left

rFire   . . .        f - +1 dagger (holy)
rCold   . . .        (no shield)
rNeg    . . .        (helmet restricted)
rPois   .            b - amulet of magic regeneration
rElec   .            (no ring)
rCorr   .            (no ring)
SInv    .            (no ring)
Will    .....        (no ring)
Stlth   +++          (no ring)
HPRegen 0.23/turn    (no ring)
MPRegen 0.50/turn    (no ring)
                     (no ring)

%: no passive effects
@: no status effects
A: almost no armour, amphibious, 8 rings, camouflage 1, gelatinous body 1,
(nimble swimmer 1), tentacles
a: no special abilities


You were on level 2 of the Dungeon.
You visited 1 branch of the dungeon, and saw 2 of its levels.

You collected 44 gold pieces.

Inventory:

Hand Weapons
 c - a +0 club
 f - a +1 dagger of holy wrath (weapon)
Jewellery
 b - an amulet of magic regeneration (around mantle)
Scrolls
 d - a scroll of identify {unknown}
Potions
 a - a potion of magic
 e - 2 potions of mutation {unknown}


   Skills:
 * Level 0.8 Fighting
 * Level 2.1 Dodging
 * Level 3.1 Stealth
 * Level 0.5 Unarmed Combat
 * Level 2.1 Spellcasting
 + Level 4.3 Conjurations


You had 5 spell levels left.
You knew the following spells:

 Your Spells              Type           Power      Damage    Failure   Level
a - Magic Dart            Conj           76%        1d6       2%          1

Your spell library contained the following spells:

 Spells                   Type           Power      Damage    Failure   Level
 Searing Ray              Conj           38%        2d5       4%          2
 Fulminant Prism          Conj/Alch      5%         3d7       54%         4
 Iskenderun's Mystic Bla  Conj/Tloc      10%        2d4       54%         4


Dungeon Overview and Level Annotations

Branches:
Dungeon (2/15)

Altars:


Innate Abilities, Weirdness & Mutations

You cannot wear most types of armour.
You are amphibious.
You can wear up to eight rings at the same time.
Your skin changes colour to match your surroundings (Stealth+).
Your rubbery body absorbs attacks. (AC +1, EV +1)
((You are camouflaged when in or above water. (Stealth+)))
You have tentacles for arms and can constrict up to eight enemies at once.


Message History

You are too injured to fight recklessly!
You are too injured to fight recklessly!
You are too injured to fight recklessly!
The endoplasm attacks as it pursues you!
The endoplasm barely misses you.
The giant cockroach attacks as it pursues you!
The giant cockroach bites you but does no damage.
The giant cockroach bites you but does no damage.
You hit the giant cockroach but do no damage.
Your grab misses the giant cockroach. The giant cockroach bites you.
You hit the giant cockroach. You grab the giant cockroach.
The giant cockroach is moderately wounded.
You constrict the giant cockroach, but do no damage.
The giant cockroach completely misses you.
You hit the giant cockroach but do no damage.
You constrict the giant cockroach, but do no damage.
The giant cockroach bites you.
You hit the giant cockroach.
You kill the giant cockroach!
You hit the ribbon worm. You grab the ribbon worm. You squeeze the ribbon worm.
The ribbon worm is moderately wounded.
You constrict the ribbon worm. The ribbon worm closely misses you.
You hit the ribbon worm. You squeeze the ribbon worm!
The ribbon worm is almost dead.
You constrict the ribbon worm. The ribbon worm bites you.
* * * LOW HITPOINT WARNING * * *
You hit the ribbon worm.
The ribbon worm is almost dead.
You constrict the ribbon worm.
You kill the ribbon worm!
You have reached level 3!
Your experience leads to an increase in your attributes!
Increase (S)trength, (I)ntelligence, or (D)exterity?
You feel stronger. x2
You hit the endoplasm. You squeeze the endoplasm.
The endoplasm is heavily wounded.
The endoplasm jiggles.
The endoplasm freezes you.
You are frozen.
You die...

#. .^ #. # ..#
## .#. ..
##..##.. ##.#
....#..##...#.#
#.##......w....#
.........†.#####
#....#J#### #..#
#.@.### . ..
###...## ###.
###..### #...
##...###..#
######...#.#
#..........#
#.######..##
##.# #.##


You could see an endoplasm.

Vanquished Creatures
  A ribbon worm (D:2)
  2 endoplasms (D:1)
  2 giant cockroaches (D:2)
  4 goblins
  2 hobgoblins (D:1)
  A quokka (D:2)
  3 ball pythons
  A bat (D:1)
  2 frilled lizards (D:2)
  A rat (D:1)
19 creatures vanquished.

Notes
Turn   | Place    | Note
-------+----------+-------------------------------------------
     0 | D:1      | bazingina the Octopode Conjurer began the quest for the
                  | Orb.
     0 | D:1      | Reached XP level 1. HP: 11/11 MP: 3/3
   289 | D:1      | Reached XP level 2. HP: 17/17 MP: 3/5
   947 | D:2      | Reached XP level 3. HP: 4/22 MP: 6/6
   947 | D:2      | Frozen to death by an endoplasm

Illustrated notes

Levels and vault maps discovered:
D:1:      amcnicky_arrival_flooded_fountain, layout_basic, minmay_tall_x
D:2:      layout_rooms, shapermc_ecumenical_altar_notcrosses

Skill      XL: |  1  2 |
---------------+-------+-----
Stealth        | 3 |  3.1
Fighting       | |  0.8
Dodging        | |  2.1
Unarmed Combat | |  0.5
Spellcasting   | |  2.1
Conjurations   | |  4.3

Action                     || total
---------------------------++-------
  Melee: Unarmed           ||    33
         Tentacles         ||    12
         Constrict         ||    11
         Dagger            ||    15
   Cast: Magic Dart        ||    10
    Use: Scroll            ||     1
   Stab: Sleeping          ||     4
 Armour: Skin              ||    20
  Dodge: Dodged            ||    34
